 Dungeon Crawl Stone Soup version 0.26-a0-752-gcff87cac9a (webtiles) character file.

Game seed: 13673768114954881171

28 Schnaeble the Skirmisher (level 3, 0/31 HPs)
             Began as a Barachi Fighter on Nov 7, 2020.
             Succumbed to a kobold's poison
             ... on level 2 of the Dungeon.
             The game lasted 00:01:06 (1208 turns).

Schnaeble the Skirmisher (Barachi Fighter)          Turns: 1208, Time: 00:01:07

Health: 0/31       AC:  6    Str: 15 (18) XL:     3   Next: 14%
Magic:  3/3        EV:  9    Int:  5 (8)  God:
Gold:   71         SH:  0    Dex: 10 (11) Spells: 2/2 levels left

rFire    . . .     SeeInvis .   a - +0 long sword
rCold    . . .     Faith    .   (no shield)
rNeg     . . .     Spirit   .   b - +0 scale mail
rPois    .         Reflect  .   (no helmet)
rElec    .         Harm     .   (no cloak)
rCorr    .         Rampage  .   (no gloves)
MR       .....                  (no boots)
Stlth    ..........             (no amulet)
HPRegen  0.10/turn              (no ring)
MPRegen  0.08/turn              (no ring)

@: lethally poisoned (0 -> -10), very slightly contaminated, invisible
(expiring), slow
A: +LOS, swims, slowness 1, strong legs 1
a: Hop


You were on level 2 of the Dungeon.
You visited 1 branch of the dungeon, and saw 2 of its levels.

You collected 71 gold pieces.

Inventory:

Hand Weapons
 a - a +0 long sword (weapon)
Armour
 b - a +0 scale mail (worn)
 c - a +0 kite shield
Jewellery
 f - a cursed ring of teleportation {unknown}
Scrolls
 e - 2 scrolls of teleportation {unknown}
 h - a scroll of enchant weapon {unknown}
Potions
 d - a potion of might


   Skills:
 + Level 4.4 Fighting
 + Level 3.4 Long Blades
 - Level 3.6 Armour
 - Level 3.2 Shields


You had 2 spell levels left.
You didn't know any spells.
Your spell library was empty.

Dungeon Overview and Level Annotations

Branches:
Dungeon (2/15)

Altars:


Innate Abilities, Weirdness & Mutations

You can be seen from farther away. (+LOS)
You can swim through water.
You cover ground slowly.
You can hop short distances.


Message History

It was a potion of degeneration.
There was something very wrong with that liquid.
You feel weakened.
You feel dopey.
You feel clumsy.
You feel sick.
You feel sick.
A quokka comes into view.
* * * LOW HITPOINT WARNING * * *
You feel sick.
* * * LOW HITPOINT WARNING * * *
You feel sick.
* * * LOW HITPOINT WARNING * * *
You feel sick.
* * * LOW HITPOINT WARNING * * *
You feel sick.
You flicker for a moment.
* * * LOW HITPOINT WARNING * * *
You feel sick.
* * * LOW HITPOINT WARNING * * *
You feel sick.
You die...

#.# #.# #.# #.# #.#
##.######## #.#
.........<###.#
............).#######
.#.####..r.@.......#
#..###..####.# #..#
#)........ #..#
##.####..# #..# .#
#..# .# #..# .# #..#
.# #..# .#


You could see a quokka.

Vanquished Creatures
  An ooze (D:1)
  A giant cockroach (D:1)
  A goblin (D:1)
  5 hobgoblins (D:1)
  4 jackals (D:1)
  5 bats (D:1)
  2 frilled lizards (D:1)
  2 kobolds (D:2)
  2 rats (D:1)
23 creatures vanquished.

Notes
Turn   | Place    | Note
-------+----------+-------------------------------------------
     0 | D:1      | Schnaeble the Barachi Fighter began the quest for the Orb.
     0 | D:1      | Reached XP level 1. HP: 18/18 MP: 1/1
   292 | D:1      | Reached XP level 2. HP: 25/25 MP: 2/2
   350 | D:1      | Reached skill level 4 in Fighting
   957 | D:1      | Reached XP level 3. HP: 31/31 MP: 3/3
  1207 | D:2      | HP: 1/31 [poisoned by a kobold]
  1208 | D:2      | Succumbed to a kobold's poison

Illustrated notes

Levels and vault maps discovered:
D:1:      minmay_arrival_stone_box, layout_basic, minmay_stone_trees_medium,
          grunt_decor_fettered, minmay_misc_feat_x
D:2:      layout_loops_ring, nicolae_overflow_crystal_walls,
          grunt_dithmenos_smoke_and_mirrors

Skill      XL: |  1  2 |
---------------+-------+-----
Fighting       | 4 |  4.4
Long Blades    | 3 |  3.4
Armour         | |  3.6
Shields        | |  3.2

Action                   || total
-------------------------++-------
Melee: Long sword        ||    54
  Use: Potion            ||     2
Armor: Scale mail        ||    45
Dodge: Dodged            ||    26
       Rpst.: Long sword ||    11

Table legend: (Time is in decaauts)
 A = Elapsed time spent in this place.
 B = Non-inter-level travel time spent in this place.
 C = Inter-level travel time spent in this place.
 D = Time resting spent in this place.
 E = Time spent auto-exploring this place.
 F = Levels seen in this place.
 G = Mean time per level.
                   A        B        C        D        E       F      G
               +--------+--------+--------+--------+--------+-----+--------+
         Total |   1363 |   1310 |     53 |    252 |    902 |   2 |  681.5 |
       Dungeon |   1363 |   1310 |     53 |    252 |    902 |   2 |  681.5 |
               +--------+--------+--------+--------+--------+-----+--------+

Top non-repeatable levels by time:
     D:1: 1337 daAuts
     D:2: 25 daAuts
